AoeStats
← |GaoeG| flamingo

Arabia

509708450Analyzed
2v2 RM · 4d ago on Sep 27, 2026· 22m 49s· 4 players
Game mode
Random Map
Map size
Medium (4 player)
Population
200
Speed
Normal
Resources
Standard
Victory
Conquest
Starting age
Dark Age
Ending age
Imperial Age
RankedLock teamsTeams togetherTeam positionsShared explorationLock speedFull tech treeHidden civsTurbo modeCheats
Victory
Defeat
🇩🇪 Sicilians · Germany
1085
+13
🇩🇪 Danes · Germany
1011
+16
🇪🇸 Vietnamese · Spain
1222
-22
🇪🇸 Franks · Spain
816
-7
|GaoeG| flamingo
6:02 Loom
9:10 Feudal Age
10:29 Double-Bit Axe
11:51 Horse Collar
14:11 Forging
19:36 Bloodlines
20:49 Wheelbarrow
claran33
9:31 Loom
11:42 Feudal Age
13:35 Double-Bit Axe
16:12 Gold Mining
17:43 Man-at-Arms
Lord Ice
5:20 Loom
11:48 Feudal Age
13:38 Man-at-Arms
14:04 Arson
17:35 Forging
17:26 Scale Mail Armor
20:39 Castle Age
23:04 Squires
22:51 Gambesons
Overhead
6:34 Loom
9:41 Feudal Age
11:00 Wheelbarrow
10:45 Double-Bit Axe
11:13 Horse Collar
17:57 Scale Mail Armor
18:02 Arson
22:41 Forging
22:22 Fletching
Connection lost

Rejoining the realm…

Still unreachable

The connection could not be restored.

Session expired

The server has moved on; the page needs a fresh start.